 Dungeon Crawl Stone Soup version 0.30-a0-605-gb2882149bf (webtiles) character file.

Game seed: 17227591904627796934

9069 OTABOTABOTAB the Martial Artist (level 11, -15/72 HPs)
             Began as an Octopode Transmuter on Jan 7, 2023.
             Was an Initiate of Gozag.
             Killed from afar by a molten gargoyle (29 damage)
             ... with a bolt of magma
             ... on level 9 of the Dungeon on Jan 8, 2023.
             The game lasted 00:26:35 (10959 turns).

OTABOTABOTAB the Martial Artist (OpTm)             Turns: 10959, Time: 00:26:36

Health: -15/72     AC:  5    Str: 10    XL:     11   Next: 40%
Magic:  14/14      EV: 15    Int: 25    God:    Gozag
Gold:   1097       SH:  0    Dex: 13    Spells: 4/14 levels left

rFire   . . .      SeeInvis .      - Unarmed
rCold   + . .      Faith    .    (no shield)
rNeg    . . .      Spirit   .    (helmet currently unavailable)
rPois   .          Reflect  .    (no amulet)
rElec   .          Harm     .    f - +4 ring of protection
rCorr   .          Rampage  .    d - +6 ring of intelligence
Will    .....                    m - ring of protection from cold {rC+, !d}
Stlth   ++                       (no ring)
HPRegen 0.32/turn                (no ring)
MPRegen 0.14/turn                (no ring)
                                 (no ring)
                                 (no ring)

@: appendages, hasted, very quick
A: tentacle spike 3, almost no armour, amphibious, 8 rings, camouflage 1,
gelatinous body 1, (nimble swimmer 1), tentacles
a: End Transformation, Renounce Religion, Potion Petition, Call Merchant, Bribe
Branch


You were on level 9 of the Dungeon.
You worshipped Gozag.
Gozag was most pleased with you.
One of your tentacles had grown a beastly spike.
You visited 2 branches of the dungeon, and saw 10 of its levels.
You also visited: Ossuary and Bailey.

You collected 1617 gold pieces.
You spent 322 gold pieces at shops.
You paid 198 gold pieces to Gozag.

Inventory:

Hand Weapons
 u - a +2 whip of electrocution
   (You took it off Pikel on level 7 of the Dungeon)
Missiles
 h - 40 poisoned darts
 v - 3 curare-tipped darts
Magical Staves
 e - a staff of air {rElec}
   (You found it on level 1 of the Dungeon)
 G - a staff of air {rElec}
   (You found it on level 9 of the Dungeon)
Jewellery
 d - a +6 ring of intelligence (right tentacle)
   (You found it on level 3 of the Dungeon)
 f - a +4 ring of protection (left tentacle)
   (You found it on level 1 of the Dungeon)
 m - a ring of protection from cold (on tentacle) {rC+, !d}
   (You found it on level 6 of the Dungeon)
 x - an amulet of reflection
   (You found it on level 8 of the Dungeon)
Wands
 s - a wand of mindburst (10)
   (You took it off Pikel on level 7 of the Dungeon)
 y - a wand of paralysis (6)
   (You took it off Maggie on level 7 of the Dungeon)
 D - a wand of polymorph (7)
   (You found it on level 9 of the Dungeon)
Scrolls
 i - a scroll of enchant armour
 j - 3 scrolls of enchant weapon
 p - 2 scrolls of teleportation
 q - 2 scrolls of blinking {!r}
 w - a scroll of fear
 z - a scroll of brand weapon
 F - a scroll of amnesia
Potions
 a - 2 potions of lignification {!q}
 c - a potion of invisibility {unknown}
 k - 4 potions of mutation {!q}
 l - 6 potions of berserk rage {!q}
 n - a potion of resistance {unknown}
 o - a potion of ambrosia {unknown}
 r - 2 potions of magic {unknown}
 t - 3 potions of brilliance
 A - 3 potions of attraction {!q}
 B - 2 potions of degeneration {unknown}
 C - 4 potions of curing
Miscellaneous
 E - a piece from Xom's chessboard (15/15)
   (You found it in a bailey)


   Skills:
 + Level 5.7 Fighting
 + Level 6.1 Dodging
 + Level 10.8 Unarmed Combat
 - Level 2.0 Spellcasting
 + Level 10.6 Transmutations
 - Level 5.0 Ice Magic


You had 4 spell levels left.
You knew the following spells:

 Your Spells              Type           Power      Damage    Failure   Level
a - Beastly Appendage     Tmut           100%       N/A       1%          1
b - Wereblood             Tmut           53%        N/A       1%          2
c - Spider Form           Tmut/Pois      29%        N/A       3%          3
d - Ice Form              Ice/Tmut       41%        N/A       4%          4

Your spell library contained the following spells:

 Spells                   Type           Power      Damage    Failure   Level
 Apportation              Tloc           4%         N/A       11%         1
 Kiss of Death            Conj/Necr      8%         2d6       11%         1
 Magic Dart               Conj           8%         1d3       11%         1
 Necrotise                Necr           8%         1d4       11%         1
 Summon Small Mammal      Summ           8%         N/A       11%         1
 Hailstorm                Conj/Ice       15%        3d5       12%         3
 Call Imp                 Summ           2%         N/A       17%         2
 Searing Ray              Conj           4%         2d4       17%         2
 Sublimation of Blood     Necr           2%         N/A       17%         2
 Mephitic Cloud           Conj/Pois/Air  2%         N/A       32%         3
 Stone Arrow              Conj/Erth      4%         3d7       32%         3
 Summon Ice Beast         Ice/Summ       15%        N/A       36%         4
 Fulminant Prism          Conj/Hex       1%         3d5       73%         4
 Metabolic Englaciation   Hex/Ice        7%         N/A       73%         5
 Summon Mana Viper        Hex/Summ       2%         N/A       97%         5
 Monstrous Menagerie      Summ           1%         N/A       100%        7
 Lehudib's Crystal Spear  Conj/Erth      1%         10d2      100%        8
 Animate Armour           Summ/Erth      Unusable   N/A       N/A         4
 Simulacrum               Ice/Necr       Unusable   N/A       N/A         6

Dungeon Overview and Level Annotations

Branches:
Dungeon (9/15)             Temple (1/1) D:7            Lair (0/5) D:9
    Orc (0/2) D:9         Ossuary (visited)          Bailey (visited)

Altars:
Ashenzari
Gozag
Hepliaklqana
Okawaru
Qazlal
Ru
Sif Muna
Trog
Vehumet
Xom
Yredelemnul
Zin
The Shining One

Shops:
D:3 :   D:6 !


Innate Abilities, Weirdness & Mutations

One of your tentacles has grown a beastly spike.
You cannot wear most types of armour.
You are amphibious.
You can wear up to eight rings at the same time.
Your skin changes colour to match your surroundings (Stealth+).
Your rubbery body absorbs attacks. (AC +1, EV +1)
((You are camouflaged when in or above water. (Stealth+)))
You have tentacles for arms and can constrict up to eight enemies at once.


Message History

You tentacle-slap the molten gargoyle but do no damage.
You pierce the molten gargoyle, but do no damage.
You tentacle-slap the molten gargoyle, but do no damage.
You constrict the molten gargoyle. The molten gargoyle misses you.
You tentacle-slap the molten gargoyle.
You pierce the molten gargoyle, but do no damage.
You constrict the molten gargoyle.
The molten gargoyle hits you with a +0 mace of holy wrath!
* * * LOW HITPOINT WARNING * * *
You are engulfed in flames!
* * * LOW HITPOINT WARNING * * *
You take 21 damage, and have 10/72 hp.
MASSIVE DAMAGE!!
You feel much better.
You constrict the molten gargoyle, but do no damage.
The molten gargoyle misses you.
You regained 14 hp, and now have 24/72 hp.
You feel yourself speed up.
You constrict the molten gargoyle. The molten gargoyle barely misses you.
You tentacle-slap the molten gargoyle.
You pierce the molten gargoyle, but do no damage.
You constrict the molten gargoyle, but do no damage.
The molten gargoyle misses you.
You tentacle-slap the molten gargoyle but do no damage.
You squeeze the molten gargoyle. You constrict the molten gargoyle.
You bludgeon the molten gargoyle!
You pierce the molten gargoyle, but do no damage.
You constrict the molten gargoyle, but do no damage.
The molten gargoyle blasts magma at you!
The bolt of magma misses you.
You tentacle-slap the molten gargoyle but do no damage.
You pierce the molten gargoyle.
You constrict the molten gargoyle, but do no damage.
You bludgeon the molten gargoyle!
You destroy the molten gargoyle!
You now have 1097 gold pieces (gained 5).
You see here a +0 mace of holy wrath.
Your tentacle spike disappears.
Your extra speed is starting to run out.
You feel yourself slow down. 2 molten gargoyles come into view.
You see here a scroll of teleportation.
Health restored: 72
There are monsters nearby!
Unknown command.
The molten gargoyle blasts magma at you!
The bolt of magma misses you.
You see here a +0 mace of holy wrath.
One of your tentacles grows a vicious spike.
You now have 13/14 mp.
You feel yourself speed up.
You completely miss the molten gargoyle.
You grab the molten gargoyle.
You pierce the molten gargoyle, but do no damage.
You constrict the molten gargoyle, but do no damage.
You tentacle-slap the molten gargoyle. You squeeze the molten gargoyle.
You constrict the molten gargoyle, but do no damage.
The molten gargoyle hits you with a +0 mace!
You are engulfed in flames!
You take 24 damage, and have 48/72 hp.
MASSIVE DAMAGE!!
You bludgeon the molten gargoyle!
You pierce the molten gargoyle, but do no damage.
You constrict the molten gargoyle, but do no damage.
The molten gargoyle hits you with a +0 mace!
You are engulfed in flames!
You take 26 damage, and have 22/72 hp.
MASSIVE DAMAGE!!
You feel better.
You constrict the molten gargoyle, but do no damage.
You regained 7 hp, and now have 29/72 hp.
You tentacle-slap the molten gargoyle but do no damage.
You pierce the molten gargoyle, but do no damage.
You constrict the molten gargoyle. The molten gargoyle misses you.
You tentacle-slap the molten gargoyle but do no damage.
You squeeze the molten gargoyle, but do no damage.
You constrict the molten gargoyle, but do no damage.
You tentacle-slap the molten gargoyle but do no damage.
You pierce the molten gargoyle, but do no damage.
You squeeze the molten gargoyle, but do no damage.
You constrict the molten gargoyle. The molten gargoyle barely misses you.
You tentacle-slap the molten gargoyle but do no damage.
You constrict the molten gargoyle, but do no damage.
You tentacle-slap the molten gargoyle but do no damage.
You pierce the molten gargoyle, but do no damage.
You squeeze the molten gargoyle, but do no damage.
You constrict the molten gargoyle, but do no damage.
The molten gargoyle hits you with a +0 mace!
* * * LOW HITPOINT WARNING * * *
You are engulfed in flames!
* * * LOW HITPOINT WARNING * * *
You take 26 damage, and have 4/72 hp.
MASSIVE DAMAGE!!
MP restored: 14 You feel better.
You constrict the molten gargoyle, but do no damage.
The molten gargoyle blasts magma at you!
The bolt of magma hits you!!
You die...
Your body crumbles into a pile of gold.

########
#......#******
#####..#.#.#.#,*$*
#.).9.#.#.#.#.#,*,
#9####.#..§§§§.,,*
#@# ##?.≈≈≈§≈§,*,
#.# #.#.§≈≈§§§~,*
#.## ##,≈≈§88≈≈,*,
#..# *,*9§§88≈§~,*
##[# **,≈≈§§≈≈≈,*,
#.# *,*.≈§≈≈≈§,,*
#.# **,..≈...§.*,
####.###,*.#.*,#.#.*
#..>...#*,*,*,*,#.#.


You could see a molten gargoyle.

Vanquished Creatures
  Pikel (D:7)
  An orc knight (Bailey)
  A deep elf pyromancer (Bailey)
  2 molten gargoyles (D:9)
  A rime drake (D:9)
  Maggie (D:7)
  A polar bear (D:9)
  Prince Ribbit (D:7)
  A shadow (D:9)
  2 steam dragons (D:8)
  11 yaks
  A water moccasin (D:5)
  5 orc warriors
  5 ice beasts (D:9)
  A sky beast (D:8)
  A black bear (D:4)
  2 ogres
  2 wolves (D:9)
  A centaur (D:9)
  A lemure (D:7)
  3 phantoms
  2 bullfrogs
  3 kobold brigands
  2 necrophages
  A gnoll sergeant (D:6)
  2 scorpions
  A water moccasin zombie (D:4)
  4 wights (D:8)
  8 killer bees
  2 howler monkeys
  A centaur zombie (D:4)
  3 hounds
  A bullfrog zombie (D:4)
  Crazy Yiuf (D:7)
  A jelly (D:5)
  10 orc priests
  5 iguanas
  5 orc wizards
  A hound zombie (D:4)
  8 mummies (Ossuary)
  4 gnolls
  7 adders
  A shadow imp (D:6)
  An ufetubus (D:6)
  An adder zombie (D:4)
  4 dart slugs
  46 orcs
  5 endoplasms
  A giant cockroach (D:4)
  A gnoll zombie (Ossuary)
  7 hobgoblins
  4 jackals (D:1)
  17 kobolds
  3 quokkas (D:1)
  6 ball pythons
  7 bats
  5 frilled lizards
  7 goblins
  2 hobgoblin zombies (Ossuary)
  4 kobold zombies (Ossuary)
  An orc zombie (Ossuary)
  4 rats (D:1)
244 creatures vanquished.

Notes
Turn   | Place    | Note
-------+----------+-------------------------------------------
     0 | D:1      | OTABOTABOTAB the Octopode Transmuter began the quest for
                  | the Orb.
     0 | D:1      | Reached XP level 1. HP: 13/13 MP: 3/3
    96 | D:1      | Reached XP level 2. HP: 16/18 MP: 5/5
    99 | D:1      | Learned a level 2 spell: Wereblood
   312 | D:1      | Reached XP level 3. HP: 23/23 MP: 6/6
   723 | D:2      | Found a faded altar of an unknown god.
   897 | D:2      | Reached skill level 3 in Transmutations
   955 | D:2      | Learned a level 3 spell: Spider Form
  1491 | D:3      | Reached skill level 4 in Unarmed Combat
  1491 | D:3      | Reached XP level 4. HP: 28/28 MP: 3/7
  1536 | D:3      | Found Diof's Book Shop.
  1642 | D:3      | Reached XP level 5. HP: 33/33 MP: 8/8
  1688 | D:3      | Reached skill level 4 in Transmutations
  2357 | D:4      | Reached skill level 5 in Unarmed Combat
  2454 | D:4      | Reached XP level 6. HP: 38/38 MP: 9/9
  2733 | D:4      | Reached skill level 5 in Transmutations
  2884 | D:4      | Reached XP level 7. HP: 32/43 MP: 8/10
  2991 | D:4      | Found a shimmering altar of Xom.
  2992 | D:4      | Found a hazy altar of Hepliaklqana.
  2993 | D:4      | Noticed a spectral ugly thing
  3074 | D:4      | Reached skill level 6 in Unarmed Combat
  3509 | D:4      | Found an iron altar of Okawaru.
  3510 | D:4      | Found a bloodstained altar of Trog.
  3645 | D:4      | Reached skill level 6 in Transmutations
  3703 | D:4      | Found a basalt altar of Yredelemnul.
  3732 | D:5      | Entered Level 5 of the Dungeon
  3769 | D:5      | Learned a level 4 spell: Ice Form
  3901 | D:5      | Reached skill level 1 in Ice Magic
  3901 | D:5      | Reached XP level 8. HP: 40/48 MP: 8/11
  4190 | D:5      | Reached skill level 7 in Unarmed Combat
  4190 | D:5      | Reached skill level 2 in Ice Magic
  4302 | D:5      | Found a glowing silver altar of Zin.
  4372 | D:5      | Found a sand-covered staircase.
  4428 | Ossuary  | Entered an ossuary
  5194 | D:5      | HP: 12/48 [orc priest/+0 flail (2)]
  5197 | D:5      | Reached skill level 7 in Transmutations
  5197 | D:5      | Reached skill level 3 in Ice Magic
  6162 | D:6      | Reached skill level 4 in Ice Magic
  6162 | D:6      | Reached XP level 9. HP: 53/53 MP: 8/12
  6266 | D:6      | Reached skill level 8 in Unarmed Combat
  6393 | D:6      | Found Xiassar's Distillery.
  6464 | D:6      | Bought a potion of curing for 42 gold pieces
  6464 | D:6      | Bought a potion of haste for 140 gold pieces
  6464 | D:6      | Bought a potion of heal wounds for 70 gold pieces
  6464 | D:6      | Bought a potion of heal wounds for 70 gold pieces
  6531 | D:7      | Found a shimmering blue altar of Sif Muna.
  6595 | D:7      | Found a radiant altar of Vehumet.
  6668 | D:7      | Noticed Pikel
  6681 | D:7      | Killed Pikel
  6682 | D:7      | Reached skill level 8 in Transmutations
  6682 | D:7      | Reached skill level 5 in Ice Magic
  6717 | D:7      | Found a staircase to the Ecumenical Temple.
  6724 | Temple   | Entered the Ecumenical Temple
  6732 | Temple   | Became a worshipper of Gozag Ym Sagoz the Greedy
  7007 | D:7      | Noticed Maggie
  7027 | D:7      | Killed Maggie
  7028 | D:7      | Reached skill level 9 in Unarmed Combat
  7089 | D:7      | Found a sacrificial altar of Ru.
  7094 | D:7      | Noticed Prince Ribbit
  7116 | D:7      | Killed Prince Ribbit
  7498 | D:7      | Found a runed translucent door.
  7499 | D:7      | Noticed Crazy Yiuf
  7510 | D:7      | Killed Crazy Yiuf
  7599 | D:8      | Reached skill level 9 in Transmutations
  7625 | D:8      | Reached XP level 10. HP: 33/60 MP: 7/13
  7636 | D:8      | Reached skill level 2 in Fighting
  7916 | D:8      | Reached skill level 3 in Dodging
  8047 | D:8      | Found a flagged portal.
  8094 | Bailey   | Entered a bailey
  8235 | Bailey   | Noticed an orc knight
  8256 | Bailey   | Killed an orc knight
  8257 | Bailey   | Reached skill level 3 in Fighting
  8491 | Bailey   | Found a large runed translucent door.
  8491 | Bailey   | Found a large runed translucent door.
  8492 | Bailey   | Noticed a deep elf pyromancer
  8536 | Bailey   | Killed a deep elf pyromancer
  8537 | Bailey   | Reached skill level 4 in Dodging
  8546 | Bailey   | Got the Grimoire of Ghoulish Malediction
  8561 | Bailey   | Identified the +10 plate armour of Tartarus {Will+ Dex+7
                  | Stlth+}
  9064 | D:8      | Reached skill level 10 in Unarmed Combat
  9081 | D:8      | Reached skill level 4 in Fighting
  9692 | D:9      | Found a staircase to the Orcish Mines.
  9746 | D:9      | Reached skill level 10 in Transmutations
  9887 | D:9      | Reached skill level 5 in Dodging
 10040 | D:9      | HP: 19/78 [kobold brigand/+0 short sword (3)]
 10042 | D:9      | HP: 9/78 [kobold brigand/+0 short sword (10)]
 10043 | D:9      | HP: 4/78 [kobold/+2 short sword of electrocution (6)]
 10044 | D:9      | Reached XP level 11. HP: 4/70 MP: 6/14
 10100 | D:9      | Reached skill level 5 in Fighting
 10272 | D:9      | Found a staircase to the Lair.
 10363 | D:9      | HP: 16/72 [molten gargoyle/+0 mace (7)]
 10376 | D:9      | Reached skill level 6 in Dodging
 10765 | D:9      | HP: 18/72 [molten gargoyle/+0 mace of holy wrath (14)]
 10958 | D:9      | HP: 13/72 [molten gargoyle/+0 mace (17)]
 10958 | D:9      | HP: 4/72 [molten gargoyle/+0 mace (9)]
 10959 | D:9      | Killed from afar by a molten gargoyle

Illustrated notes

Levels and vault maps discovered:
D:1:      minmay_arrival_nine_rooms, layout_basic, serial_glass,
          glass_columns_b, glass_columns_a, due_unseen_surprise,
          grunt_decor_cap, minmay_tetromino_o4
D:2:      layout_basic, shapermc_ecumenical_altar_mp_highgroup
D:3:      layout_loops_ring, serial_shops, shop
D:4:      layout_basic, grunt_temple_overflow_bloody_war,
          regret_index_temple_of_mockery, nicolae_yredelemnul_corpse_copse
D:5:      layout_loops_cross, zin_academy, nicolae_ossuary_entry_false_entrances
D:6:      layout_rooms, serial_shops, shop
D:7:      layout_basic, mainiacjoe_overflow_brackets,
          mainiacjoe_overflow_large_starburst, minmay_temple_entry_wispy,
          uniq_pikel, uniq_crazy_yiuf_cottage, uniq_prince_ribbit1, uniq_maggie
D:8:      kennysheep_steamy, layout_loops_cross, slow_altar_2, enter_bailey_8
D:9:      layout_loops_cross, fedhas_altar_4, hellmonk_lair_entry_icy,
          david_orc_2, serial_shops, shop,
          nicolae_shop_competitors_out_of_business, minivault_8
Temple:   nicolae_temple_bog_church

Skill      XL: |  1  2  3  4  5  6  7  8  9 10 11 |
---------------+----------------------------------+-----
Transmutations | 3 4 5 6 7 9 10 | 10.6
Unarmed Combat | 4 5 6 7 9 10 | 10.8
Ice Magic      | 1 4 5 |  5.0
Fighting       | 4 5 |  5.7
Dodging        | 5 6 |  6.1
Spellcasting   | |  2.0

Action                   |  1- 3 |  4- 6 |  7- 9 | 10-12 || total
-------------------------+-------+-------+-------+-------++-------
Melee: Unarmed           |    58 |    36 |   226 |   290 ||   610
       Constrict         |    18 |    13 |     4 |     2 ||    37
       Kick              |     9 |    12 |     4 |    12 ||    37
       Tentacles         |     8 |    16 |     5 |     8 ||    37
       Punch             |     3 |     5 |     1 |     1 ||    10
       Dagger            |    25 |    76 |    10 |       ||   111
Throw: Dart              |       |     5 |     7 |       ||    12
 Cast: Beastly Appendage |     6 |     6 |     1 |     2 ||    15
       Wereblood         |     1 |     1 |       |       ||     2
       Spider Form       |       |     5 |    11 |     3 ||    19
       Ice Form          |       |       |    25 |    18 ||    43
 Abil: End Transformatio |     1 |     7 |    30 |    16 ||    54
Evoke: Wand              |       |       |       |     4 ||     4
  Use: Scroll            |     6 |       |    12 |     4 ||    22
       Potion            |       |       |     2 |    17 ||    19
 Stab: Sleeping          |     6 |     4 |     2 |       ||    12
       Distracted        |       |     1 |     1 |     2 ||     4
Armor: Skin              |    17 |    22 |    81 |   122 ||   242
Dodge: Dodged            |    44 |   107 |   130 |   140 ||   421

Table legend: (Time is in decaauts)
 A = Elapsed time spent in this place.
 B = Non-inter-level travel time spent in this place.
 C = Inter-level travel time spent in this place.
 D = Time resting spent in this place.
 E = Time spent auto-exploring this place.
 F = Levels seen in this place.
 G = Mean time per level.
                   A        B        C        D        E       F      G
               +--------+--------+--------+--------+--------+-----+--------+
         Total |  10796 |  10605 |    191 |   2051 |   6268 |  12 |  899.7 |
       Dungeon |   9247 |   9063 |    184 |   1147 |   5986 |   9 | 1027.4 |
        Temple |     16 |      9 |      7 |      0 |      0 |   1 |   16.0 |
       Ossuary |    731 |    731 |      0 |    399 |    234 |   1 |  731.0 |
        Bailey |    801 |    801 |      0 |    505 |     48 |   1 |  801.0 |
               +--------+--------+--------+--------+--------+-----+--------+

Top non-repeatable levels by time:
     D:4: 1406 daAuts
     D:5: 1398 daAuts
     D:7: 1248 daAuts
     D:9: 1230 daAuts
     D:8: 1014 daAuts
     D:3: 864 daAuts
  Bailey: 801 daAuts
     D:2: 733 daAuts
 Ossuary: 731 daAuts
     D:1: 718 daAuts
     D:6: 633 daAuts
  Temple: 16 daAuts

Table legend:
 A = Kills in this place as a percentage of kills in entire the game.
 B = Kills by you in this place as a percentage of kills by you in the entire game.
 C = Kills by friends in this place as a percentage of kills by friends in the entire game.
 D = Other kills in this place as a percentage of other kills in the entire game.
 E = Experience gained in this place as a percentage of experience gained in the entire game.
 F = Experience gained in this place divided by the number of levels of this place that you have seen.
                   A       B       C       D       E      F
               +-------+-------+-------+-------+-------+----------------------
         Total | 100.0 | 100.0 |   N/A |   N/A | 100.0 | 1079.7
       Dungeon |  88.1 |  88.1 |   N/A |   N/A |  85.5 | 1230.3
       Ossuary |   6.6 |   6.6 |   N/A |   N/A |   1.2 | 152.0
        Bailey |   5.3 |   5.3 |   N/A |   N/A |  13.4 | 1731.0
               +-------+-------+-------+-------+-------+----------------------
